 Dungeon Crawl Stone Soup version 0.20-a0-1127-g1289703 (webtiles) character file.

112 Nvm9 the Covered (level 4, -1/35 HPs)
             Began as a Demonspawn Fighter on May 18, 2017.
             Slain by a gnoll
             ... wielding a +0 flail
              (7 damage)
             ... on level 3 of the Dungeon.
             The game lasted 00:02:16 (1933 turns).

Nvm9 the Covered (Demonspawn Fighter)               Turns: 1933, Time: 00:02:17

Health: -1/35      AC:  7    Str: 17    XL:     4   Next: 64%
Magic:  4/4        EV:  7    Int:  9    God:
Gold:   98         SH:  9    Dex: 13    Spells: 3/3 levels left

rFire    . . .     SeeInvis .   a - +0 war axe
rCold    . . .     Gourm    .   c - +0 shield
rNeg     . . .     Faith    .   b - +0 scale mail
rPois    .         Spirit   .   (no helmet)
rElec    .         Reflect  .   (no cloak)
rCorr    .         Harm     .   (no gloves)
MR       .....                  (no boots)
Stlth    ..........             (no amulet)
Regen    0.2/turn               (no ring)
MPRegen  0.1/turn               (no ring)

@: no status effects
A: foul stench 1, rot immunity
a: no special abilities


You were on level 3 of the Dungeon.
You were not hungry.

You visited 1 branch of the dungeon, and saw 3 of its levels.

You collected 98 gold pieces.

Inventory:

Hand Weapons
 a - a +0 war axe (weapon)
Armour
 b - a +0 scale mail (worn)
 c - a +0 shield (worn)
Jewellery
 l - a cursed -2 ring of slaying {unknown}
Scrolls
 e - a scroll of enchant armour {unknown}
 g - 3 scrolls of identify {unknown}
Potions
 d - a potion of might
 h - a potion of flight {unknown}
 i - a potion of lignification {unknown}
 k - 3 potions of haste {unknown}
Comestibles
 j - 3 meat rations


   Skills:
 + Level 3.4 Fighting
 + Level 2.4 Axes
 * Level 4.0 Armour
 + Level 3.1 Shields


You had 3 spell levels left.
You didn't know any spells.

Dungeon Overview and Level Annotations

Branches:
Dungeon (3/15)

Altars:


Innate Abilities, Weirdness & Mutations

You may emit foul miasma when damaged in melee.
You are immune to rotting.


Message History

The gnoll is almost dead.
You hit the gnoll. The gnoll hits you but does no damage.
You block the gnoll's attack. x2; The gnoll hits you but does no damage.
You hit the gnoll.
You kill the gnoll!
You barely miss the gnoll. You block the gnoll's attack.
The gnoll hits you with a flail.
* * * LOW HITPOINT WARNING * * *
You block the gnoll's attack. You block the gnoll's attack.
The gnoll hits you with a spear.
* * * LOW HITPOINT WARNING * * *
The gnoll looks sick.
You see here a gnoll corpse.
Unknown command.
You block the gnoll's attack.
The gnoll hits you from afar with a spear.
* * * LOW HITPOINT WARNING * * *
There is a stone staircase leading up here.
The gnoll hits you with a flail!
You die...

#. .. ####
.....
##########
#.........
##@#######.
#(g# #g## #.#
#.# . # #.#
...
#.##.###.#.#.
#............
####.########


You could see 2 gnolls.

Vanquished Creatures
  Jessica (D:2)
  2 adders (D:2)
  2 gnolls (D:3)
  3 dart slugs (D:1)
  An orc (D:3)
  3 giant cockroaches
  5 goblins (D:1)
  6 hobgoblins
  7 kobolds
  A quokka (D:3)
  5 bats
  3 frilled lizards
  5 rats (D:1)
44 creatures vanquished.

Notes
Turn   | Place    | Note
-------+----------+-------------------------------------------
     0 | D:1      | Nvm9 the Demonspawn Fighter began the quest for the Orb.
     0 | D:1      | Reached XP level 1. HP: 18/18 MP: 1/1
    89 | D:1      | Reached skill level 3 in Armour
   105 | D:1      | Gained mutation: You are immune to rotting. [demonic ancestry]
   105 | D:1      | Reached XP level 2. HP: 15/24 MP: 2/2
   512 | D:1      | Gained mutation: You may emit foul miasma when damaged in melee. [demonic ancestry]
   512 | D:1      | Reached XP level 3. HP: 29/29 MP: 3/3
  1678 | D:2      | Noticed Jessica
  1679 | D:2      | Killed Jessica
  1679 | D:2      | Reached XP level 4. HP: 35/35 MP: 4/4
  1915 | D:3      | Reached skill level 4 in Armour
  1933 | D:3      | Slain by a gnoll

Vault maps used:
D:1:      nagdon_arrival_zigzag_paths
D:2:      uniq_jessica
D:3:      serial_co_window_serial, co_window_of_opportunity_a,
          co_window_of_opportunity_a, co_window_cross_1, co_window_paths_b,
          co_window_cross_1, co_window_2corner, co_window_2corner,
          co_window_paths_c, co_window_corner_cb, co_window_broadway_c,
          co_window_corner_cb, co_window_paths_c, glass_columns_c,
          glass_columns_a, glass_columns_a, hangedman_decor_growths, uniq_robin

Skill      XL: |  1  2  3  4 |
---------------+-------------+-----
Axes           | 2 |  2.4
Armour         | 3 4 |  4.0
Shields        | 3 |  3.1
Fighting       | |  3.4

Action                   |  1- 3 |  4- 6 || total
-------------------------+-------+-------++-------
Melee: War axe           |   126 |    19 ||   145
  Eat: Bread ration      |     1 |       ||     1
Armor: Scale mail        |    80 |    10 ||    90
Dodge: Dodged            |    34 |     9 ||    43
Block: Shield            |    70 |    19 ||    89
